 Dungeon Crawl Stone Soup version 0.29.0-4-gdea44cf6ec (webtiles) character file.

Game seed: 12339009087695740825

57 qw the Chopper (level 4, -5/26 HPs)
             Began as a Tengu Warper on Aug 28, 2022.
             Slain by a gnoll
             ... wielding a +0 spear
              (6 damage)
             ... on level 2 of the Dungeon.
             The game lasted 00:00:07 (1668 turns).

qw the Chopper (Tengu Warper)                       Turns: 1668, Time: 00:00:08

Health: -5/26      AC: 10    Str: 13    XL:     4   Next: 0%
Magic:  8/8        EV:  3    Int: 14    God:
Gold:   71         SH:  0    Dex: 13    Spells: 7/7 levels left

rFire   . . .      SeeInvis .   Y - +0 hand axe
rCold   . . .      Faith    .   (no shield)
rNeg    . . .      Spirit   .   d - +0 plate armour
rPois   .          Reflect  .   (helmet restricted)
rElec   .          Harm     .   (no cloak)
rCorr   .          Rampage  .   (no gloves)
Will    .....                   (boots unavailable)
Stlth   ..........              (no amulet)
HPRegen 0.08/turn               (no ring)
MPRegen 0.11/turn               (no ring)

@: no status effects
A: beak, talons 3
a: no special abilities


You were on level 2 of the Dungeon.
You visited 1 branch of the dungeon, and saw 2 of its levels.

You collected 71 gold pieces.


Innate Abilities, Weirdness & Mutations

You have a beak for a mouth.
You have claws for feet.


   Skills:
 - Level 2.0 Fighting
 - Level 4.2 Axes
 - Level 1.0 Throwing
 + Level 1.9 Armour
 - Level 2.1 Dodging
 - Level 2.0 Spellcasting
 - Level 2.4 Translocations


You had 7 spell levels left.
You didn't know any spells.
Your spell library contained the following spells:

 Spells                   Type           Power      Damage    Failure   Level
 Blink                    Tloc           16%        N/A       100%        2
 Gell's Gravitas          Tloc           8%         N/A       100%        3
 Lesser Beckoning         Tloc           8%         N/A       100%        3
 Teleport Other           Tloc           8%         N/A       100%        3
 Manifold Assault         Tloc           8%         N/A       100%        5

Inventory:

Hand Weapons
 m - a +0 mace
 Y - a +0 hand axe (weapon)
Armour
 d - a +0 plate armour (worn)
Potions
 a - 2 potions of mutation {unknown}
 h - 2 potions of heal wounds {unknown}
 i - a potion of attraction {unknown}

Dungeon Overview and Level Annotations

Branches:
Dungeon (2/15)

Altars:


Message History

You see here a frilled lizard corpse.
An endoplasm comes into view.
The endoplasm quivers.
You hit the endoplasm.
You claw the endoplasm, but do no damage.
The endoplasm is moderately wounded.
A gnoll comes into view. It is wielding a +0 club.
The endoplasm hits you but does no damage.
1645 ||| Stepping ~*~*~tactically~*~*~ (stealth).
You hit the endoplasm. You claw the endoplasm.
You kill the endoplasm!
A rat comes into view.
You hit the rat.
You kill the rat!
You have reached level 4!
You feel clever.
A gnoll comes into view. It is wielding a +0 spear.
1657 ||| Stepping ~*~*~tactically~*~*~ (stealth).
The gnoll shouts!
The gnoll throws a stone.
The stone hits you but does no damage.
1659 ||| Stepping ~*~*~tactically~*~*~ (hiding).
You start waiting.
A gnoll is nearby!
You hit the gnoll.
The gnoll is lightly wounded.
The gnoll hits you but does no damage.
The gnoll hits you from afar with a +0 spear.
The gnoll hits you but does no damage. x2
You barely miss the gnoll. You claw the gnoll.
The gnoll is moderately wounded.
The gnoll hits you with a +0 club.
The gnoll hits you from afar with a +0 spear!
You closely miss the gnoll. You claw the gnoll, but do no damage.
The gnoll is moderately wounded.
The gnoll hits you with a +0 club.
The gnoll hits you from afar with a +0 spear.
You hit the gnoll.
The gnoll is moderately wounded.
The gnoll hits you with a +0 club.
The gnoll hits you from afar with a +0 spear.
You die...

,****,,,* #.##.#*,*
*,*,,* ,,,,,,***
#.##.#*,* **,*,,
*****,* ##.##.#*,*
*****
*,**######...#.#*,* *
*,,,...........#*,* *
****,#.###...###*,*
**,*#..###.## *,*
******,*#......%.###*,*
,,,,,,,,........@g.#*,*
****,,,*....######g#*,*
*,***,#..** *.#*,***
*,*,,,..** *..,,,,**
*,*,*,#**
*...,,,,********
**,,,**
*....,,,,,,,,,,, **,**
*..g.g,,******** *,*
*......,* *,*
*,,,,,,,********


You could see 2 gnolls.

Vanquished Creatures
  3 adders (D:2)
  A dart slug (D:1)
  3 bats (D:2)
  2 endoplasms
  A giant cockroach (D:2)
  A goblin (D:1)
  3 hobgoblins
  2 jackals (D:1)
  2 quokkas (D:1)
  3 ball pythons (D:1)
  3 frilled lizards
  A kobold (D:1)
  5 rats
30 creatures vanquished.

Notes
Turn   | Place    | Note
-------+----------+-------------------------------------------
     0 | D:1      | qw the Tengu Warper began the quest for the Orb.
     0 | D:1      | Reached XP level 1. HP: 12/12 MP: 4/4
     0 | D:1      | 0 ||| qw: Version: 0.1-a-89-g26bdef1
     0 | D:1      | 0 ||| qw: Game counter: 2861
     0 | D:1      | 0 ||| qw: Always use a shield: true
     0 | D:1      | 0 ||| qw: God list: Okawaru
     0 | D:1      | 0 ||| qw: Allow faded altars: false
     0 | D:1      | 0 ||| qw: Do Orc after D:15 true
     0 | D:1      | 0 ||| qw: Do second Lair branch before Depths: true
     0 | D:1      | 0 ||| qw: Lair rune preference: random
     0 | D:1      | 0 ||| qw: Plans: Normal
     0 | D:1      | 0 ||| PLANNING D:1-11
   220 | D:1      | Reached skill level 3 in Axes
   220 | D:1      | Reached XP level 2. HP: 11/17 MP: 6/6
   754 | D:1      | 754 ||| DROPPING +0 club.
   857 | D:1      | You fall into a shaft and drop 1 floor!
   903 | D:2      | Reached XP level 3. HP: 14/21 MP: 7/7
  1097 | D:2      | 1097 ||| Stepping ~*~*~tactically~*~*~ (stealth).
  1109 | D:2      | Reached skill level 4 in Axes
  1255 | D:2      | 1255 ||| UPGRADING to +0 plate armour.
  1261 | D:2      | 1261 ||| UPGRADING to +0 plate armour.
  1271 | D:2      | 1271 ||| DROPPING +0 leather armour.
  1272 | D:2      | 1272 ||| READING scroll labelled OCOSERPH HUNUR.
  1273 | D:2      | 1273 ||| READING scroll labelled YVECUL FIBAZEF.
  1274 | D:2      | 1274 ||| READING scroll labelled FILE NOALAI.
  1275 | D:2      | 1275 ||| READING scroll labelled JASENEX EDALYO.
  1276 | D:2      | 1276 ||| DROPPING scroll of blinking.
  1294 | D:2      | 1294 ||| DRINKING 2 lumpy red potions.
  1295 | D:2      | 1295 ||| DROPPING potion of flight.
  1645 | D:2      | 1645 ||| Stepping ~*~*~tactically~*~*~ (stealth).
  1655 | D:2      | Reached XP level 4. HP: 26/26 MP: 8/8
  1657 | D:2      | 1657 ||| Stepping ~*~*~tactically~*~*~ (stealth).
  1659 | D:2      | 1659 ||| Stepping ~*~*~tactically~*~*~ (hiding).
  1667 | D:2      | HP: 4/26 [gnoll/+0 spear (3)]
  1668 | D:2      | HP: 1/26 [gnoll/+0 club (3)]
  1668 | D:2      | Slain by a gnoll

Levels and vault maps discovered:
D:1:      nzn_arrival_depleted_hourglass, layout_loops_ring
D:2:      layout_loops_ring, basic_altar

Skill      XL: |  1  2  3 |
---------------+----------+-----
Axes           | 3 4 |  4.2
Fighting       | |  2.0
Throwing       | |  1.0
Armour         | |  1.9
Dodging        | |  2.1
Spellcasting   | |  2.0
Translocations | |  2.4

Action                   |  1- 3 |  4- 6 || total
-------------------------+-------+-------++-------
Melee: Hand axe          |    64 |     4 ||    68
       Kick              |    26 |     2 ||    28
       Peck              |     5 |       ||     5
Throw: Boomerang         |     7 |       ||     7
  Use: Scroll            |     4 |       ||     4
       Potion            |     1 |       ||     1
Armor: Leather armour    |    15 |       ||    15
       Plate armour      |     9 |     4 ||    13
Dodge: Dodged            |    36 |       ||    36

Table legend:
 A = Non-vault XP
 B = Vault XP
 C = Vault XP percentage of total XP
 D = Non-vault monster count
 E = Vault monster count
 F = Vault count percentage of total count
                 A         B        C        D         E       F
            +---------+---------+-------+---------+---------+-------
      Total |      82 |       0 |   0.0 |      30 |       0 |   0.0
            +---------+---------+-------+---------+---------+-------
        D:1 |      29 |       0 |   0.0 |      18 |       0 |   0.0
        D:2 |      53 |       0 |   0.0 |      12 |       0 |   0.0
            +---------+---------+-------+---------+---------+-------
